 Dungeon Crawl Stone Soup version 0.23.2-11-gf996548 (webtiles) character file.

Game seed: 1640180663731990442

91 Fang the Skirmisher (level 4, -3/29 HPs)
             Began as a Gargoyle Berserker on June 3, 2019.
             Was a Follower of Trog.
             Slain by Jessica
             ... wielding a +0 club
              (4 damage)
             ... on level 3 of the Dungeon.
             The game lasted 00:01:47 (2174 turns).

Fang the Skirmisher (Gargoyle Berserker)            Turns: 2174, Time: 00:01:48

Health: -3/29      AC:  0    Str: 21    XL:     4   Next: 57%
Magic:  4/4        EV: 19    Int:  8    God:    Trog [*.....]
Gold:   124        SH:  0    Dex: 14    Spells: 3/3 levels left

rFire    . . .     SeeInvis .   (weapon currently unavailable)
rCold    . . .     Gourm    .   (shield currently unavailable)
rNeg     + . .     Faith    .   (armour currently unavailable)
rPois    ∞         Spirit   .   (helmet currently unavailable)
rElec    .         Reflect  .   (cloak currently unavailable)
rCorr    .         Harm     .   (gloves currently unavailable)
MR       .....                  (boots currently unavailable)
Stlth    +.........             (no amulet)
HPRegen  0.09/turn              (ring currently unavailable)
MPRegen  0.09/turn              (ring currently unavailable)

@: bat-form (expiring), flying, slowed, quick
A: tiny, negative energy resistance 1, petrification resistance, rot immunity,
AC +3
a: Berserk, Renounce Religion


You were on level 3 of the Dungeon.
You worshipped Trog.
Trog was aware of your devotion.
You were not hungry.
You were in bat-form.
You visited 1 branch of the dungeon, and saw 3 of its levels.

You collected 124 gold pieces.

Inventory:

Hand Weapons
 a - a +0 hand axe (melded)
Armour
 b - a +0 animal skin (melded)
Wands
 n - a wand of flame (17)
Scrolls
 g - a scroll of amnesia {unknown}
 h - 3 scrolls of identify {unknown}
 i - a scroll of random uselessness {unknown}
 k - a scroll of magic mapping {unknown}
 l - 2 scrolls of fog {unknown}
Potions
 d - a potion of resistance {unknown}
 e - a potion of brilliance {unknown}
 f - a potion of curing {unknown}
 j - a potion of ambrosia {unknown}
 m - a potion of flight {unknown}
Comestibles
 c - 7 rations
 o - 3 chunks of flesh


   Skills:
 + Level 4.0 Fighting
 + Level 3.3 Axes
 + Level 3.2 Armour
 + Level 2.3 Dodging


You had 3 spell levels left.
You didn't know any spells.
Your spell library was empty.

Dungeon Overview and Level Annotations

Branches:
Dungeon (3/15)

Altars:
Fedhas
Makhleb
Xom

Annotations:
D:3 Jessica


Innate Abilities, Weirdness & Mutations

You are resistant to torment.
((Your stone body is resilient. (AC +3)))
You are immune to poison.
You resist negative energy. (rN+)
((You are resistant to electric shocks. (rElec)))
((You can survive without breathing.))
You are immune to petrification.
You are immune to rotting.


Message History

Jessica gestures wildly while chanting.
Jessica seems to speed up.
You hit Jessica.
Jessica is almost dead.
Jessica hits you with a +0 club.
* * * LOW HITPOINT WARNING * * *
Jessica zaps a wand.
You barely miss Jessica.
Jessica is almost dead.
Your transformation is almost over.
Jessica barely misses you.
You hit Jessica but do no damage.
Jessica is almost dead.
Jessica hits you with a +0 club.
* * * LOW HITPOINT WARNING * * *
You hit Jessica but do no damage.
Jessica is almost dead.
Jessica points at you and mumbles some strange words.
You feel yourself slow down. Jessica hits you with a +0 club.
You die...

.#...#... #.. .
#...#...#.
..#...#...#...#... ##
#...#...#...#...#.
#....#...#...#...#...
#..#...#...#...#...#.
.###....#...#...#...#.^.
>...$.#@..#...#...#...#.
#....b#...#...#...#...
#.#.#...#...#...#...#.
.##(.#...#...#...#...
....#.(#...#...#...#.
#.....>.(.#...#...#..#
......#####..#...#..#..
######. ###..#..###.# #.
#.#.### #<# #. #...# #.#


You could see Jessica.

Vanquished Creatures
  Ijyb (D:3)
  3 adders
  An ooze (D:1)
  3 dart slugs
  An orc (D:3)
  2 goblins (D:1)
  5 hobgoblins
  A ball python (D:2)
  2 bats
  6 kobolds
  4 rats
29 creatures vanquished.

Notes
Turn   | Place    | Note
-------+----------+-------------------------------------------
     0 | D:1      | Fang the Gargoyle Berserker began the quest for the Orb.
     0 | D:1      | Reached XP level 1. HP: 14/14 MP: 1/1
   170 | D:1      | Reached XP level 2. HP: 16/19 MP: 2/2
  1165 | D:2      | Reached XP level 3. HP: 23/23 MP: 3/3
  1229 | D:2      | Found a shimmering altar of Xom.
  1451 | D:2      | Found a burning altar of Makhleb.
  1485 | D:2      | Found a blossoming altar of Fedhas.
  1733 | D:3      | Noticed Ijyb
  1758 | D:3      | Killed Ijyb
  1758 | D:3      | Reached XP level 4. HP: 16/29 MP: 4/4
  2060 | D:3      | Reached skill level 4 in Fighting
  2148 | D:3      | Noticed Jessica
  2173 | D:3      | HP: 1/29 [Jessica/+0 club (2)]
  2174 | D:3      | Slain by Jessica

Skill      XL: |  1  2  3  4 |
---------------+-------------+-----
Axes           | 3 |  3.3
Dodging        | 2 |  2.3
Armour         | 3 |  3.2
Fighting       | 4 |  4.0

Action                   |  1- 3 |  4- 6 || total
-------------------------+-------+-------++-------
Melee: Hand axe          |    86 |    34 ||   120
       Unarmed           |       |    19 ||    19
Invok: Berserk           |     1 |     1 ||     2
  Eat: Chunk             |     3 |     3 ||     6
Armor: Animal skin       |    20 |    23 ||    43
Dodge: Dodged            |    48 |    39 ||    87
